Map: Dusk Towers

Players

SenSei

  • Race: Zerg Zerg
  • League: Grandmaster

Senin - Winner!

  • Race: Zerg Zerg
  • League: Grandmaster

Event: Gauntlet LotV Series 1 Qualifier 2

VOD

Have the link to the VOD?

Description

Time

  • Played on: Dec. 5, 2015, 2:20 p.m.
  • Length: 14:47

All games in this series

Show
View Real Time Build Order
Export as new Build Order

SenSei Zerg 

Build Orders: Hatch First 

Get SALT Encoding   

  12  0:01  Drone  
  13  0:08  Drone  
  14  0:17  Overlord  
  14  0:28  Extractor  
  14  0:29  Drone  
  14  0:30  Drone, Extractor  
  16  0:36  Drone  
  17  0:54  Hatchery  
  17  0:55  Drone  
  17  0:57  Drone  
  18  1:09  Extractor  
  17  1:12  Spawning Pool  
  17  1:16  Drone  
  17  1:19  Drone  
  18  1:27  Drone  
  19  1:38  Overlord  
  19  1:51  Drone  
  20  1:59  Zergling x2, Queen  
  23  2:06  Queen  
  23  2:07  Drone  
  26  2:11  Drone  
  26  2:12  Metabolic Boost  
  27  2:18  Drone  
  27  2:21  Drone  
  29  2:29  Drone  
  30  2:30  Baneling Nest  
  30  2:32  Drone  
  30  2:39  Overlord  
  29  2:46  Drone  
  31  2:55  Drone x2  
  33  3:00  Drone  
  33  3:03  Spine Crawler  
  33  3:07  Drone x4  
  33  3:12  Lair  
  37  3:14  Overlord  
  37  3:16  Drone x3  
  37  3:17  Drone  
  41  3:25  Extractor  
  41  3:26  Extractor  
  39  3:27  Extractor  
  39  3:29  Drone  
  39  3:30  Overlord  
  39  3:37  Drone  
  39  3:39  Drone  
  39  3:40  Drone x2  
  43  3:42  Drone  
  43  3:47  Drone x3  
  46  4:03  Drone x2  
  46  4:04  Drone x2  
  50  4:10  Spire  
  50  4:11  Hatchery  
  50  4:12  Overlord  
  48  4:17  Zergling x4  
  48  4:19  Zergling x2  
  48  4:20  Zergling x2  
  48  4:21  Zergling x2  
  48  4:23  Zergling x2  
  54  4:26  Zergling x2  
  54  4:31  Overlord  
  55  4:32  Zergling x2  
  56  4:44  Overlord x2  
  56  4:45  Zergling x2  
  56  4:46  Zergling x2  
  56  4:48  Drone  
  56  4:49  Drone  
  60  5:00  Drone x4, Extractor  
  60  5:03  Extractor  
  61  5:08  Drone  
  60  5:28  Mutalisk x9  
  59  5:31  Zerg Flyer Weapons Level 1  
  73  5:37  Mutalisk  
  74  5:43  Zergling x4  
  74  5:48  Mutalisk  
  79  5:50  Zergling x8  
  82  5:58  Mutalisk  
  82  5:59  Zergling x2  
  82  6:00  Zergling x2  
  83  6:08  Mutalisk  
  83  6:10  Zergling x10  
  85  6:23  Mutalisk  
  79  6:34  Mutalisk  
  79  6:36  Queen x2  
  79  6:37  Queen  
  87  6:41  Drone x9  
  96  6:48  Overlord  
  96  6:49  Overlord  
  96  6:52  Overseer  
  96  6:58  Evolution Chamber  
  96  7:01  Evolution Chamber  
  94  7:05  Infestation Pit  
  93  7:21  Drone x8  
  101  7:33  Zerg Ground Armor Level 1, Zerg Melee Weapons Level 1  
  101  7:36  Overlord x2  
  101  7:37  Drone x2  
  101  7:44  Hive  
  103  7:48  Drone  
  103  7:49  Drone  
  103  7:50  Drone x2, Zergling x2  
  103  7:51  Zergling x10  
  113  7:53  Overlord  
  113  7:54  Overlord  
  113  8:10  Overlord x3  
  111  8:27  Hatchery  
  110  8:36  Zergling x24  
  122  8:48  Overlord x3  
  122  8:56  Adrenal Glands, Ultralisk Cavern  
  121  9:13  Overlord x2  
  121  9:25  Extractor  
  121  9:28  Extractor  
  119  9:31  Zerg Ground Armor Level 2  
  119  9:32  Zerg Melee Weapons Level 2  
  119  9:42  Chitinous Plating  
  119  9:44  Ultralisk x5  
  119  9:45  Ultralisk  
  153  9:51  Drone x2  
  153  9:52  Drone  
  156  9:53  Drone x2  
  156  9:54  Drone  
  156  9:56  Drone x2  
  156  9:57  Drone  
  156  9:58  Drone  
  163  10:07  Ultralisk  
  169  10:14  Ultralisk  
  175  10:21  Ultralisk  
  181  10:22  Pneumatized Carapace  
  181  10:25  Overseer x2  
  181  10:29  Drone  
  181  10:30  Drone x3  
  185  10:38  Ultralisk  
  191  10:49  Overlord  
  191  10:50  Overlord  
  184  11:10  Ultralisk x4  
  132  11:20  Ultralisk  
  132  11:21  Zergling x12  
  140  11:31  Ultralisk  
  146  11:35  Zergling x4  
  146  11:36  Zergling x14  
  146  11:38  Zergling x2  
  156  11:41  Zergling x8  
  159  11:50  Ultralisk, Zergling x4  
  159  11:51  Zergling x2  
  161  12:04  Zergling x8  
  160  12:12  Overlord x2  
  160  12:13  Overlord x2  
  152  12:29  Ultralisk  
  158  12:31  Viper x2  
  158  12:33  Zergling x4  
  158  12:34  Zergling x8  
  162  12:49  Ultralisk  
  157  13:11  Ultralisk x2  
  167  13:13  Ultralisk  
  153  13:34  Zergling x22  
  153  13:35  Zergling x4  
  142  13:53  Ultralisk, Zergling x10  
  121  14:10  Zergling x12  
  114  14:17  Zergling x6  
  115  14:29  Zergling x4  
Show
View Real Time Build Order
Export as new Build Order

Senin Zerg - Winner!

Build Orders: Pool First 

Get SALT Encoding   

  12  0:00  Drone  
  13  0:12  Overlord  
  13  0:18  Drone  
  14  0:30  Drone  
  14  0:31  Drone  
  14  0:34  Drone  
  17  0:45  Spawning Pool  
  17  0:47  Drone  
  17  0:56  Drone  
  18  1:12  Hatchery  
  18  1:15  Drone  
  18  1:18  Drone  
  19  1:32  Queen  
  21  1:33  Zergling x2  
  21  1:38  Overlord  
  22  1:45  Extractor  
  21  1:50  Drone  
  22  2:00  Drone  
  23  2:08  Queen  
  25  2:13  Overlord  
  25  2:26  Drone x2, Queen  
  29  2:34  Drone  
  29  2:36  Drone  
  31  2:39  Drone x2  
  31  2:41  Drone  
  33  2:47  Overlord  
  33  2:48  Drone  
  34  2:55  Evolution Chamber, Drone  
  34  2:59  Drone  
  34  3:04  Spine Crawler  
  34  3:06  Zergling x2  
  34  3:07  Zergling x2  
  36  3:16  Drone  
  36  3:17  Zergling x4  
  36  3:19  Drone x4  
  43  3:22  Zerg Missile Weapons Level 1  
  43  3:26  Drone  
  44  3:30  Drone  
  45  3:35  Drone  
  45  3:36  Extractor  
  45  3:54  Drone x7, Roach Warren  
  51  3:56  Extractor  
  51  4:02  Hatchery  
  49  4:06  Lair  
  49  4:11  Overlord  
  49  4:14  Metabolic Boost  
  49  4:21  Overlord x2  
  49  4:25  Overlord  
  49  4:28  Overlord  
  49  4:34  Roach x2  
  49  4:36  Roach  
  55  4:39  Roach  
  55  4:42  Roach  
  55  4:45  Roach  
  61  4:48  Roach  
  61  4:51  Roach  
  61  4:52  Roach  
  67  4:59  Roach x2  
  71  5:02  Roach  
  71  5:04  Roach  
  75  5:08  Zergling x6  
  75  5:14  Zergling x4  
  80  5:17  Zerg Missile Weapons Level 2  
  80  5:20  Zergling x4  
  78  5:30  Zergling x4  
  78  5:31  Zergling x8  
  78  5:35  Drone x2  
  84  5:36  Drone  
  84  5:39  Drone  
  84  5:41  Glial Reconstitution  
  86  5:43  Drone  
  86  5:48  Overlord  
  87  5:50  Drone  
  87  5:55  Drone  
  87  5:56  Drone x3  
  91  5:57  Drone  
  88  6:07  Drone x6  
  88  6:10  Drone  
  88  6:11  Drone  
  80  6:14  Drone  
  80  6:16  Drone  
  80  6:17  Drone  
  80  6:21  Drone  
  80  6:25  Spore Crawler  
  77  6:26  Spore Crawler  
  77  6:32  Spore Crawler  
  65  6:34  Spore Crawler  
  65  6:36  Spore Crawler  
  65  6:37  Spore Crawler  
  65  6:38  Spore Crawler, Roach x3  
  65  6:39  Spore Crawler  
  66  6:43  Roach x2  
  66  6:45  Roach  
  72  6:50  Roach x2  
  76  6:57  Roach x2  
  76  6:58  Roach x2  
  76  6:59  Hydralisk Den  
  76  7:01  Spore Crawler  
  82  7:03  Roach  
  82  7:06  Roach x2  
  88  7:11  Roach  
  88  7:12  Infestation Pit  
  89  7:16  Overlord x2  
  89  7:17  Overlord  
  89  7:20  Spore Crawler  
  88  7:24  Spore Crawler  
  88  7:25  Extractor  
  86  7:30  Muscular Augments  
  86  7:32  Drone x3  
  86  7:33  Extractor  
  86  7:34  Drone x3  
  91  7:39  Zerg Ground Armor Level 1  
  91  7:43  Drone x3  
  94  7:45  Drone  
  94  7:46  Extractor  
  94  7:48  Drone x2  
  94  7:50  Drone  
  97  7:54  Pathogen Glands  
  97  7:59  Overlord x2  
  97  8:05  Overlord  
  97  8:06  Overlord  
  97  8:08  Overlord  
  97  8:26  Infestor x4  
  103  8:32  Extractor  
  102  8:34  Hydralisk x2  
  102  8:36  Drone x3  
  102  8:37  Drone  
  102  8:39  Hydralisk  
  102  8:40  Hydralisk  
  114  8:44  Overlord x3  
  114  8:47  Hydralisk  
  116  8:50  Hydralisk  
  116  8:51  Hydralisk  
  120  8:55  Hydralisk  
  120  8:59  Hydralisk  
  120  9:02  Hydralisk  
  124  9:07  Hydralisk  
  128  9:14  Hatchery  
  128  9:15  Hydralisk x2  
  131  9:20  Hydralisk x2  
  135  9:25  Roach x2  
  135  9:26  Roach  
  135  9:28  Roach  
  145  9:31  Roach x2  
  145  9:38  Roach x3  
  153  9:42  Roach x2  
  157  9:46  Roach x2  
  157  9:47  Roach  
  157  9:49  Roach  
  165  9:54  Overlord x2  
  165  9:56  Overseer  
  165  9:58  Pneumatized Carapace  
  165  10:00  Roach  
  165  10:04  Roach  
  169  10:11  Ravager  
  170  10:14  Roach x4  
  170  10:15  Roach x2  
  170  10:18  Roach x2  
  170  10:21  Overlord  
  186  10:26  Queen  
  188  10:39  Roach x4  
  196  10:43  Ravager x2  
  196  10:44  Ravager x2  
  196  10:48  Zerg Ground Armor Level 2  
  136  11:21  Roach x6  
  136  11:22  Roach x13  
  174  11:28  Roach x3  
  174  11:31  Ravager  
  181  11:34  Roach x3  
  181  11:37  Ravager  
  190  11:40  Roach x2, Zergling x2  
  190  11:41  Zergling x2  
  180  12:05  Roach x12  
  187  12:13  Roach x4  
  187  12:14  Roach  
  192  12:16  Roach  
  192  12:18  Roach  
  196  12:27  Roach x2  
  199  13:07  Hatchery  
  180  13:20  Roach x11  
  200  13:27  Spire  
  182  13:49  Roach x10  
  182  13:50  Roach x7  
  182  13:51  Roach  
  182  13:52  Roach x3  
  182  13:53  Roach x2  
  197  13:55  Roach  
  197  13:56  Roach  
  197  13:58  Ravager  
  194  14:14  Roach, Extractor  
  194  14:15  Roach x7  
  194  14:17  Extractor  
  187  14:23  Roach x4  
  187  14:26  Roach  
Tags
 
Add a new tag
Caveats
  • Supply blocks, unpowered buildings, or Contaminate may cause inaccurate times.
  • Supply counts are checked every 10 seconds.